cohdb
Replays
Latest Replays
All Replays
Popular Replays
Top Player Replays
Match Explorer
How It Works
Community
CoH3 Stats
Reddit
Sign in to upload your games and track your stats! →
Sign in with Steam
Match 43296961
Unlisted
Match 43296961
Overview
Messages
Build Orders
End
Pioneer Squad
Construct Infanterie Kompanie
MG 42 Machine Gun Team
Grenadier Squad
Selects Breakthrough Battlegroup
Selects Assault Grenadiers
GrW 34 Mortar Team
Construct Luftwaffe Kompanie
Selects Rapid Production
221 Scout Car
Jäger Squad
Medical Bunker
Support Elements
MG 42 Bunker
Wirbelwind Flakpanzer
Selects Breakthrough
Selects Mechanized Assault Group
Mechanized Assault Group
Mechanized Assault Group
Breakthrough
MG 42 Bunker
Construct Panzer Kompanie
bigcheese
♨TEA.UP®♨LordStickyLeaf
Doomster
MY BIG FAT ORK WEDDING
janplzacihlar_cz
Neophyte
Boris Britva
kostinn304
0
0
Comments
sign in to comment!
No comments posted yet!